 Dungeon Crawl Stone Soup version 0.25-a0-403-g49d089a364 (webtiles) character file.

Game seed: 7780979210777040869, levelgen mode: deterministic

14 ChaosChampion the Magician (level 2, 0/19 HPs)
             Began as a Demonspawn Wizard on Jan 9, 2020.
             Slain by a jackal (1 damage)
             ... on level 1 of the Dungeon.
             The game lasted 00:01:02 (102 turns).

ChaosChampion the Magician (Demonspawn Wizard)       Turns: 102, Time: 00:01:02

Health: 0/19       AC:  2    Str:  7    XL:     2   Next: 31%
Magic:  1/6        EV: 12    Int: 19    God:
Gold:   7          SH:  0    Dex: 11    Spells: 7/8 levels left

rFire    . . .     SeeInvis .   e - +0 whip
rCold    . . .     Gourm    .   (no shield)
rNeg     . . .     Faith    .   a - +0 robe
rPois    .         Spirit   .   b - +0 hat
rElec    .         Reflect  .   (no cloak)
rCorr    .         Harm     .   (no gloves)
MR       .....                  (no boots)
Stlth    ++........             (no amulet)
HPRegen  0.06/turn              (no ring)
MPRegen  0.10/turn              (no ring)

@: no status effects
A: powered by death 1
a: no special abilities


You were on level 1 of the Dungeon.
You were not hungry.

You visited 1 branch of the dungeon, and saw 1 of its levels.

You collected 7 gold pieces.

Inventory:

Hand Weapons
 e - a +0 whip (weapon)
Armour
 a - a +0 robe (worn)
 b - a +0 hat (worn)
Scrolls
 c - a scroll of teleportation {unknown}
Comestibles
 d - a ration


   Skills:
 + Level 1.9 Dodging
 + Level 1.8 Stealth
 + Level 0.1 Unarmed Combat
 + Level 3.5 Spellcasting
 + Level 1.0 Conjurations
   Level 1.0 Summonings
   Level 0.8 Translocations


You had 7 spell levels left.
You knew the following spells:

 Your Spells              Type           Power        Failure   Level  Hunger
a - Magic Dart            Conj           #...         10%         1    None

Your spell library contained the following spells:

 Spells                   Type           Power        Failure   Level  Hunger
 Call Imp                 Summ           #.......     14%         2    ##.....
 Blink                    Tloc           N/A          16%         2    ##.....
 Slow                     Hex            #.......     22%         2    ##.....
 Conjure Flame            Conj/Fire      #.......     34%         3    ###....
 Mephitic Cloud           Conj/Pois/Air  #.......     36%         3    ###....


Dungeon Overview and Level Annotations

Branches:
Dungeon (1/15)

Altars:


Innate Abilities, Weirdness & Mutations

You regenerate a little health from kills.


Message History

The jackal is moderately wounded.
The jackal bites you.
* * * LOW HITPOINT WARNING * * *
The jackal bites you.
* * * LOW HITPOINT WARNING * * *
You hit the jackal but do no damage.
The jackal is moderately wounded.
The jackal closely misses you. The jackal barely misses you.
You hit the jackal.
The jackal is severely wounded.
The jackal barely misses you.
You closely miss the jackal.
The jackal is severely wounded.
The jackal barely misses you. x2
You hit the jackal.
You kill the jackal!
You closely miss the jackal. The jackal bites you.
* * * LOW HITPOINT WARNING * * *
The jackal bites you.
You die...

################### .
...................
..######......g##########
..............gh@.......#
.##..........#####.....##
.............# #..#>###
###...##.....# #......#
.........#..## #.##.#.#
###.#....g..# #....#.#
.g...>...#.# #..### #
.....?......######.(###
.#....................#


You could see a jackal, a hobgoblin and a goblin.

Vanquished Creatures
  2 dart slugs (D:1)
  A goblin (D:1)
  4 jackals (D:1)
  A bat (D:1)
  2 rats (D:1)
10 creatures vanquished.

Notes
Turn   | Place    | Note
-------+----------+-------------------------------------------
     0 | D:1      | ChaosChampion the Demonspawn Wizard began the quest for the
                  | Orb.
     0 | D:1      | Reached XP level 1. HP: 13/13 MP: 4/4
    79 | D:1      | Gained mutation: You regenerate a little health from kills.
                  | [demonic ancestry]
    79 | D:1      | Reached XP level 2. HP: 7/19 MP: 3/6
   102 | D:1      | Slain by a jackal

Levels and vault maps discovered:
D:1:      lightli_arrival_statuegarden, layout_basic

Action                   || total
-------------------------++-------
Melee: Whip              ||    27
       Unarmed           ||     6
 Cast: Magic Dart        ||    11
Armor: Robe              ||     6
Dodge: Dodged            ||    35

Table legend:
 A = Non-vault XP
 B = Vault XP
 C = Vault XP percentage of total XP
 D = Non-vault monster count
 E = Vault monster count
 F = Vault count percentage of total count
                 A         B        C        D         E       F
            +---------+---------+-------+---------+---------+-------
      Total |      21 |       0 |   0.0 |      10 |       0 |   0.0
            +---------+---------+-------+---------+---------+-------
        D:1 |      21 |       0 |   0.0 |      10 |       0 |   0.0
            +---------+---------+-------+---------+---------+-------
